 Dungeon Crawl Stone Soup version 0.30-a0-918-g0ff054e9dc (webtiles) character file.

Game seed: 13464079582673330369

181 Ghaji the Covered (level 5, -2/47 HPs)
             Began as a Minotaur Fighter on Mar 20, 2023.
             Succumbed to an orc's poison
             ... on level 5 of the Dungeon.
             The game lasted 00:05:54 (1555 turns).

Ghaji the Covered (Minotaur Fighter)                Turns: 1555, Time: 00:05:54

Health: -2/47      AC:  7    Str: 22    XL:     5   Next: 34%
Magic:  4/4        EV:  9    Int:  2    God:
Gold:   134        SH:  4    Dex: 10    Spells: 4/4 levels left

rFire   . . .      SeeInvis .    m - +5 spear of Quiraigg {freeze, rC+ Will+ Int-3}
rCold   + . .      Faith    .    c - +0 buckler
rNeg    . . .      Spirit   .    b - +0 scale mail
rPois   .          Reflect  .    (helmet restricted)
rElec   .          Rampage  .    (no cloak)
rCorr   .                        (no gloves)
Will    +....                    (no boots) Stlth
                                 (no amulet)
HPRegen 0.27/turn                (no ring)
MPRegen 0.09/turn                (no ring)

@: lethally poisoned (-2 -> -21)
A: horns 2, retaliatory headbutt
a: no special abilities


You were on level 5 of the Dungeon.
You visited 1 branch of the dungeon, and saw 4 of its levels.

You collected 134 gold pieces.

Inventory:

Hand Weapons
 a - a +0 flail
 m - the +5 spear of Quiraigg (weapon) {freeze, rC+ Will+ Int-3}
   (You found it on level 2 of the Dungeon)

   Int:       It affects your intelligence (-3).
   rC:        It protects you from cold.
   Will:      It increases your willpower.
Armour
 b - a +0 scale mail (worn)
 c - a +0 buckler (worn)
Jewellery
 n - a ring of wizardry
Scrolls
 h - 2 scrolls of identify {unknown}
 i - 3 scrolls of teleportation {unknown}
 j - a scroll of enchant armour {unknown}
 o - a scroll of magic mapping {unknown}
 p - a scroll of fog {unknown}
 q - 2 scrolls of vulnerability {unknown}
Potions
 e - a potion of haste {unknown}
 f - 3 potions of curing {unknown}
 g - a potion of flight {unknown}
 k - a potion of ambrosia {unknown}
 l - a potion of lignification {unknown}
 r - a potion of magic {unknown}


   Skills:
 + Level 4.4 Fighting
 + Level 3.4 Maces & Flails
 + Level 2.3 Polearms
 + Level 5.0 Armour
 + Level 0.6 Dodging
 + Level 0.1 Stealth
 + Level 4.4 Shields


You had 4 spell levels left.
You didn't know any spells.
Your spell library contained the following spells:

 Spells                   Type           Power      Damage    Failure   Level
 Magic Dart               Conj           0%         1d3       91%         1
 Searing Ray              Conj           0%         2d4       97%         2
 Call Canine Familiar     Summ           0%         N/A       99%         3
 Portal Projectile        Hex/Tloc       0%         N/A       99%         3
 Fulminant Prism          Conj/Hex       0%         3d5       100%        4
 Leda's Liquefaction      Hex/Erth       0%         N/A       100%        4


Dungeon Overview and Level Annotations

Branches:
Dungeon (3/15)

Altars:
Elyvilon


Innate Abilities, Weirdness & Mutations

You have a pair of horns on your head.
You reflexively headbutt those who attack you in melee.


Message History

You are poisoned.
You closely miss the orc wizard.
You feel very sick.
The orc wizard hits you with a +0 dagger.
The orc hits you but does no damage.
You are more poisoned.
You block the orc's attack.
You hit the orc wizard. You freeze the orc wizard.
The orc wizard is moderately wounded.
You feel very sick. The orc hits you but does no damage.
You are more poisoned.
The orc wizard hits you with a +0 dagger.
The orc hits you with a +0 dagger.
You hit the orc wizard. You freeze the orc wizard.
Your headbutt misses the orc wizard.
The orc wizard is severely wounded.
You feel very sick. You block the orc wizard's attack.
The orc barely misses you.
The orc hits you with a +1 dagger of venom.
You are lethally poisoned!
You puncture the orc wizard! You freeze the orc wizard.
You kill the orc wizard!
You feel extremely sick. The orc completely misses you.
You block the orc's attack.
Your Armour skill increases to level 5!
* * * LOW HITPOINT WARNING * * *
You feel very sick. The orc hits you but does no damage. x2
You are more poisoned.
Items here: )) [[.
You hit the orc. You freeze the orc.
You kill the orc!
* * * LOW HITPOINT WARNING * * *
You feel very sick. The orc closely misses you.
The orc attacks as you move away!
The orc hits you with a +1 dagger of venom.
* * * LOW HITPOINT WARNING * * *
You die...

##+###
###....#
......##
#####.....
.........#
#...$.#
#..o)@##
#......#
#.#..#.# #
#.[#.#
#.#..#.####
.###.#.......#
.............#
#....#.......#
........#.####


You could see an orc.

Vanquished Creatures
  2 orc priests (D:3)
  2 orc wizards
  2 adders (D:2)
  A worm (D:3)
  4 orcs
  2 endoplasms
  7 goblins
  3 hobgoblins
  2 jackals (D:2)
  4 kobolds
  4 quokkas (D:2)
  6 bats
  2 frilled lizards (D:3)
  4 rats (D:3)
45 creatures vanquished.

Notes
Turn   | Place    | Note
-------+----------+-------------------------------------------
     0 | D:1      | Ghaji the Minotaur Fighter began the quest for the Orb.
     0 | D:1      | Reached XP level 1. HP: 19/19 MP: 0/0
   140 | D:1      | You fall into a shaft and drop 1 floor!
   163 | D:2      | Reached skill level 4 in Armour
   167 | D:2      | Reached XP level 2. HP: 19/27 MP: 1/1
   416 | D:2      | Reached XP level 3. HP: 33/33 MP: 2/2
   537 | D:2      | Identified the +5 spear of Quiraigg {freeze, rC+ Will+
                  | Int-3}
   997 | D:3      | Found a white marble altar of Elyvilon.
  1063 | D:3      | Identified the +1 ring mail of Leapfrog {rF+++ rC- Str-3
                  | Stlth+}
  1164 | D:3      | Reached skill level 1 in Polearms
  1164 | D:3      | Reached XP level 4. HP: 12/40 MP: 3/3
  1174 | D:3      | Reached XP level 5. HP: 8/46 MP: 4/4
  1540 | D:3      | You fall into a shaft and drop 2 floors!
  1540 | D:5      | Entered Level 5 of the Dungeon
  1553 | D:5      | Reached skill level 5 in Armour
  1555 | D:5      | HP: 1/47 [orc/+1 dagger of venom (3)]
  1555 | D:5      | Succumbed to an orc's poison

Illustrated notes

Levels and vault maps discovered:
D:1:      denvon_arrival_planthouse, layout_basic,
          dilly_ecumenical_altar_fadedgnrine, minmay_misc_feat_plants,
          hex_large, roderic_nine_men_s_morris, minmay_door_square
D:2:      layout_loops_ring
D:3:      layout_rooms, mainiacjoe_overflow_surrounded_room
D:5:      layout_basic, grunt_temple_overflow_order_and_chaos_2,
          mainiacjoe_overflow_catch_the_wave, lemuel_zombie_altar_yredelemnul,
          grunt_ministairs_4

Skill      XL: |  1  2  3  4  5 |
---------------+----------------+-----
Armour         | 4 5 |  5.0
Shields        | 4 |  4.4
Fighting       | 4 |  4.4
Maces & Flails | 3 |  3.4
Polearms       | 1 2 |  2.3
Dodging        | |  0.6
Stealth        | |  0.1

Action                     |  1- 3 |  4- 6 || total
---------------------------+-------+-------++-------
  Melee: Flail             |    35 |       ||    35
         Headbutt          |     8 |     4 ||    12
         Spear             |    34 |    29 ||    63
    Use: Potion            |     1 |       ||     1
 Armour: Scale mail        |    42 |     9 ||    51
  Dodge: Dodged            |    25 |     7 ||    32
  Block: Buckler           |    15 |     7 ||    22

Table legend: (Time is in decaauts)
 A = Elapsed time spent in this place.
 B = Non-inter-level travel time spent in this place.
 C = Inter-level travel time spent in this place.
 D = Time resting spent in this place.
 E = Time spent auto-exploring this place.
 F = Levels seen in this place.
 G = Mean time per level.
                   A        B        C        D        E       F      G
               +--------+--------+--------+--------+--------+-----+--------+
         Total |   1571 |   1571 |      0 |      0 |    970 |   4 |  392.8 |
       Dungeon |   1571 |   1571 |      0 |      0 |    970 |   4 |  392.8 |
               +--------+--------+--------+--------+--------+-----+--------+

Top non-repeatable levels by time:
     D:2: 799 daAuts
     D:3: 614 daAuts
     D:1: 142 daAuts
     D:5: 14 daAuts
